 Dungeon Crawl Stone Soup version 0.21.0-3-g78d12a8 (webtiles) character file.

41059 Ghouzt the Cleaver (level 13, -6/165 HPs)
             Began as a Minotaur Fighter on Jan 8, 2018.
             Was a High Priest of Trog.
             Mangled by a vampire knight
             ... wielding a +0 battleaxe
              (15 damage)
             ... on level 1 of the Depths.
             The game lasted 01:09:45 (16466 turns).

Ghouzt the Cleaver (Minotaur Fighter)              Turns: 16466, Time: 01:09:46

Health: -6/165     AC: 21    Str: 30    XL:     13   Next: 78%
Magic:  0/16       EV:  8    Int:  5    God:    Trog [*****.]
Gold:   327        SH: 13    Dex: 11    Spells: 12/12 levels left

rFire    . . .     SeeInvis +   b - +2 broad axe (vamp)
rCold    . . .     Gourm    .   c - +0 shield
rNeg     . . .     Faith    .   d - +1 plate armour
rPois    .         Spirit   +   (helmet restricted)
rElec    .         Reflect  .   g - +1 cloak
rCorr    +         Harm     .   (no gloves)
MR       .....                  t - +0 pair of boots
Stlth    ..........             a - amulet of guardian spirit
HPRegen  0.37/turn              m - ring of resist corrosion
MPRegen  0.15/turn              J - ring of see invisible

@: berserking, very quick
A: retaliatory headbutt, horns 2, frail 1, screaming 1
a: Berserk, Trog's Hand, Brothers in Arms, Burn Spellbooks, Renounce Religion


You were on level 1 of the Depths.
You worshipped Trog.
Trog was extremely pleased with you.
You were near starving.

You visited 3 branches of the dungeon, and saw 17 of its levels.
You visited 1 bazaar.

You collected 759 gold pieces.
You spent 432 gold pieces at shops.

Inventory:

Hand Weapons
 b - a +2 vampiric broad axe (weapon)
 o - a +2 hand axe of draining
 K - a +5 quarterstaff of crushing
Armour
 c - a +0 shield (worn)
 d - a +1 plate armour (worn)
 g - a +1 cloak (worn)
 t - a +0 pair of boots (worn)
Jewellery
 a - an amulet of guardian spirit (around neck)
 i - an uncursed ring of resist corrosion
 l - an uncursed amulet of the gourmand
 m - a ring of resist corrosion (left hand)
 J - a ring of see invisible (right hand)
Wands
 z - a wand of flame (28)
Scrolls
 e - 6 scrolls of identify
 n - 2 scrolls of immolation
 q - 6 scrolls of remove curse
 u - 6 scrolls of teleportation
 y - a scroll of brand weapon
 A - 4 scrolls of fog
 C - 3 scrolls of amnesia
 F - 4 scrolls of magic mapping
 H - a scroll of vulnerability
Potions
 h - 2 potions of cancellation
 j - a potion of flight
 k - 2 potions of ambrosia
 p - 2 potions of brilliance
 v - 2 potions of lignification
 D - a potion of mutation
Miscellaneous
 s - a crystal ball of energy
Comestibles
 f - 29 rations


   Skills:
 + Level 13.9 Fighting
 + Level 14.9 Axes
 + Level 14.0 Armour
 - Level 2.0 Dodging
 - Level 0.9 Stealth
 * Level 12.3 Shields
 * Level 5.8 Evocations


You had 12 spell levels left.
You didn't know any spells.

Dungeon Overview and Level Annotations

Branches:
Dungeon (15/15)            Temple (1/1) D:7            Lair (0/6) D:9
    Orc (0/2) D:11         Vaults (0/5) D:13         Depths (1/5) D:15

Altars:
Ashenzari
Cheibriados
Dithmenos
Elyvilon
Fedhas
Gozag
Hepliaklqana
Kikubaaqudgha
Makhleb
Nemelex Xobeh
Okawaru
Qazlal
Ru
Sif Muna
Trog
Uskayaw
Vehumet
Wu Jian
Xom
Yredelemnul
Zin
The Shining One
Beogh

Shops:
D:5 ([*   D:6 =

Portals:
Hell: Depths:1

Annotations:
Depths:1 Nikola


Innate Abilities, Weirdness & Mutations

You reflexively headbutt those who attack you in melee.
You have a pair of horns on your head.
You are frail. (-10% HP)
You occasionally shout uncontrollably at your foes.


Message History

You feel a strong urge to shout, but you are unable to make a sound!
Nikola the Mad Inventor comes into view.
He is wielding a rapier of electrocution.
The vampire knight gestures at you while chanting.
You shrug off the repeated paralysis!
The enormous slime creature hits you!!!
* * * LOW HITPOINT WARNING * * *
The vampire knight hits you with a battleaxe.
* * * LOW HITPOINT WARNING * * *
The vampire knight bites you but does no damage.
You can move again.
You slice the enormous slime creature!!
You feel better.
You headbutt the enormous slime creature.
The enormous slime creature is almost dead.
You hit the vampire knight but do no damage.
You block the enormous slime creature's attack.
Unknown command.
You slice the enormous slime creature!!
The enormous slime creature is almost dead.
You barely miss the vampire knight.
The vampire knight hits you with a battleaxe!
You die...

...#######
..*@QJJ@V#
...#####.##
###...###
#≈.....≈#
##§....≈##
#≈§....§#
#§..#'#§#
##≈§##.###
#≈..#.∩.#


You could see Nikola, a vampire knight, an enormous slime creature, a large
slime creature, a tengu conjurer and a battlesphere.

Vanquished Creatures
  Rupert (D:15)
  Roxanne (D:15)
  A fire giant (D:15)
  A ghoul (D:15)
  2 hydras
  The ghost of manyhoops the Carver, a journeyman GnWn of Yredelemnul (D:10)
  7 two-headed ogres
  3 tengu warriors
  Sonja (D:13)
  An unseen horror (D:11)
  2 wizards
  Pikel (D:5)
  An orc knight (D:15)
  2 deep elf magi
  A wolf spider zombie (D:15)
  2 cyclopes
  A manticore (D:15)
  5 ugly things
  A guardian serpent (shapeshifter) (D:15)
  Psyche (D:11)
  A freezing wraith (D:15)
  4 trolls
  A queen bee (D:9)
  A hornet (D:9)
  5 wraiths
  2 wyverns
  3 shadows
  9 yaks
  A basilisk (D:15)
  4 hungry ghosts
  Eustachio (D:4)
  4 hogs (D:7)
  A human (D:7)
  4 fire bats (D:12)
  A warg (D:15)
  A hell hound (D:12)
  2 water moccasins
  8 orc warriors
  An eye of draining (D:8)
  An ice beast (D:13)
  5 sky beasts
  2 black bears
  3 phantoms
  9 centaurs
  10 ogres
  A big kobold (D:12)
  A wyvern zombie (D:9)
  10 bullfrogs
  A water moccasin zombie (D:7)
  5 scorpions
  25 killer bees
  20 wights
  8 crimson imps
  11 centaur zombies
  A bullfrog zombie (D:6)
  A quasit (D:9)
  2 bullfrog skeletons
  7 orc priests
  Crazy Yiuf (D:2)
  4 hounds
  3 jellies
  12 orc wizards
  5 centaur skeletons
  3 human zombies (D:9)
  Ijyb (D:4)
  14 worker ants
  A human skeleton (D:9)
  3 iguanas
  A killer bee zombie (D:7)
  A hound zombie (D:11)
  6 mummies
  3 worker ant zombies
  Robin (D:4)
  7 gnolls
  10 adders
  3 shadow imps
  An ooze (D:2)
  An adder skeleton (D:8)
  An adder zombie (D:3)
  4 worms
  7 leopard geckos
  37 orcs
  4 ball pythons
  5 giant cockroaches
  13 goblins
  8 hobgoblins
  7 jackals
  12 kobolds
  6 quokkas
  7 bats
  3 frilled lizards
  A leopard gecko zombie (D:7)
  An orc zombie (D:9)
  A quokka skeleton (D:8)
  7 rats
  2 plants (D:15)
420 creatures vanquished.

Vanquished Creatures (others)
  A deep troll (Depths:1)
  A plant (Depths:1)
2 creatures vanquished.

Grand Total: 422 creatures vanquished

Notes
Turn   | Place    | Note
-------+----------+-------------------------------------------
     0 | D:1      | Ghouzt the Minotaur Fighter began the quest for the Orb.
     0 | D:1      | Reached XP level 1. HP: 19/19 MP: 0/0
    58 | D:1      | Reached XP level 2. HP: 21/27 MP: 1/1
   412 | D:2      | Reached XP level 3. HP: 24/33 MP: 2/2
   802 | D:2      | Reached XP level 4. HP: 40/40 MP: 3/3
  1089 | D:2      | Found a runed door.
  1242 | D:2      | Noticed Crazy Yiuf
  1246 | D:2      | Killed Crazy Yiuf
  1246 | D:2      | Reached skill level 5 in Shields
  1333 | D:3      | Reached XP level 5. HP: 47/47 MP: 4/4
  1511 | D:3      | Found a radiant altar of Vehumet.
  1828 | D:4      | Got a shimmering hand axe
  1953 | D:4      | Reached skill level 1 in Dodging
  2105 | D:4      | Reached XP level 6. HP: 53/53 MP: 5/5
  2188 | D:4      | Noticed Ijyb
  2194 | D:4      | Noticed Robin
  2210 | D:4      | Killed Robin
  2214 | D:4      | Killed Ijyb
  2214 | D:4      | Reached skill level 5 in Axes
  2261 | D:4      | Noticed Eustachio
  2275 | D:4      | Killed Eustachio
  2598 | D:5      | Entered Level 5 of the Dungeon
  2627 | D:5      | Reached XP level 7. HP: 60/60 MP: 6/6
  2721 | D:5      | Reached skill level 5 in Armour
  2842 | D:5      | Found Duilu's Armour Emporium.
  2966 | D:5      | Found Imias's Antique Weapon Boutique.
  3116 | D:5      | Noticed Pikel
  3143 | D:5      | Killed Pikel
  3143 | D:5      | Reached skill level 5 in Fighting
  3143 | D:5      | Reached XP level 8. HP: 55/68 MP: 7/7
  3238 | D:5      | Found Qowi's Assorted Antiques.
  3834 | D:6      | Found Houtyom's Jewellery Boutique.
  4188 | D:6      | Reached XP level 9. HP: 63/75 MP: 8/8
  4571 | D:6      | Found a snail-covered altar of Cheibriados.
  4574 | D:6      | Became a worshipper of Cheibriados the Contemplative
  4919 | D:7      | Reached * piety under Cheibriados
  5270 | D:7      | Found a staircase to the Ecumenical Temple.
  5280 | Temple   | Entered the Ecumenical Temple
  5376 | Temple   | Fell from the grace of Cheibriados
  5376 | Temple   | Became a worshipper of Trog the Wrathful
  5640 | D:7      | Reached skill level 10 in Axes
  5865 | D:7      | Reached skill level 10 in Shields
  5999 | D:8      | Reached XP level 10. HP: 86/86 MP: 9/9
  6107 | D:8      | Found a sparkling altar of Nemelex Xobeh.
  6224 | D:8      | Reached * piety under Trog
  6478 | D:8      | Paralysed by you for 4 turns
  6620 | D:9      | Noticed a two-headed ogre
  6633 | D:9      | Killed a two-headed ogre
  6767 | D:9      | Found a staircase to the Lair.
  6845 | D:9      | Reached skill level 10 in Armour
  7099 | D:9      | Reached ** piety under Trog
  7340 | D:9      | Found an opulent altar of Gozag.
  7343 | D:9      | Found a shimmering altar of Xom.
  7344 | D:9      | Found an ancient bone altar of Kikubaaqudgha.
  7361 | D:9      | Gained mutation: You are frail. (-10% HP) [mutagenic glow]
  7405 | D:9      | Gained mutation: You occasionally shout uncontrollably at your foes. [mutagenic glow]
  7702 | D:9      | Reached XP level 11. HP: 35/85 MP: 10/10
  7808 | D:9      | Noticed a two-headed ogre
  7820 | D:9      | Killed a two-headed ogre
  8215 | D:9      | Paralysed by a hornet for 3 turns
  8237 | D:9      | Noticed a two-headed ogre
  8250 | D:9      | Killed a two-headed ogre
  8463 | D:9      | Reached *** piety under Trog
  8464 | D:9      | Found a basalt altar of Yredelemnul.
  8562 | D:10     | Entered Level 10 of the Dungeon
  8602 | D:10     | Reached skill level 10 in Fighting
  8954 | D:10     | Noticed manyhoops's ghost (journeyman GnWn)
  8970 | D:10     | Killed manyhoops's ghost
  9394 | D:10     | Was forgiven by Cheibriados
  9511 | D:11     | Noticed a two-headed ogre
  9518 | D:11     | Killed a two-headed ogre
  9566 | D:11     | Reached **** piety under Trog
  9742 | D:11     | Found a staircase to the Orcish Mines.
  9742 | D:11     | Noticed Psyche
  9917 | D:11     | Killed Psyche
  9947 | D:11     | Found a roughly hewn altar of Beogh.
  9969 | D:11     | Reached skill level 1 in Evocations
 10646 | D:11     | Killed an unseen horror
 10850 | D:11     | Reached XP level 12. HP: 97/97 MP: 12/12
 11396 | D:12     | Reached ***** piety under Trog
 11513 | D:13     | Noticed Sonja
 11525 | D:13     | Killed Sonja
 12358 | D:13     | Noticed a two-headed ogre
 12366 | D:13     | Killed a two-headed ogre
 12377 | D:13     | Found a gate to the Vaults.
 12377 | D:13     | Noticed a two-headed ogre
 12383 | D:13     | Killed a two-headed ogre
 12612 | D:13     | Noticed a six-headed hydra
 12627 | D:13     | Killed a 13-headed hydra
 12920 | D:14     | Noticed a two-headed ogre
 12936 | D:14     | Killed a two-headed ogre
 13428 | D:14     | Noticed a tengu warrior
 13437 | D:14     | Killed a tengu warrior
 13495 | D:14     | Received a gift from Trog
 13791 | D:14     | Noticed an eight-headed hydra
 13797 | D:14     | Killed an 11-headed hydra
 14069 | D:15     | Entered Level 15 of the Dungeon
 14075 | D:15     | Noticed Rupert
 14087 | D:15     | Paralysed by Rupert for 6 turns
 14100 | D:15     | Killed Rupert
 14100 | D:15     | Reached XP level 13. HP: 109/109 MP: 15/15
 14366 | D:15     | Found a flickering gateway to a bazaar.
 14432 | Bazaar   | Entered a bazaar
 14456 | Bazaar   | Found Qaaxt's Weapon Shoppe.
 14470 | Bazaar   | Found Cahuk's Weapon Emporium.
 14515 | Bazaar   | Found Oseox's Weapon Emporium.
 14528 | Bazaar   | Found Jiach's Food Shoppe.
 14564 | Bazaar   | Found Degitef's Magic Scroll Shoppe.
 14812 | Bazaar   | Bought a +2 vampiric broad axe for 432 gold pieces
 14902 | D:15     | Reached skill level 5 in Evocations
 15053 | D:15     | Found a staircase to the Depths.
 15060 | D:15     | Noticed a fire giant
 15080 | D:15     | Killed a fire giant
 15321 | D:15     | Noticed a ghoul
 15359 | D:15     | Killed a ghoul
 15858 | D:15     | Noticed Roxanne
 16133 | D:15     | Killed Roxanne
 16406 | Depths:1 | Entered Level 1 of the Depths
 16423 | Depths:1 | Found a gateway to Hell.
 16456 | Depths:1 | Noticed a vampire knight
 16461 | Depths:1 | Paralysed by a vampire knight for 3 turns
 16464 | Depths:1 | Noticed Nikola
 16464 | Depths:1 | HP: 5/165 [enormous slime creature (35)]
 16464 | Depths:1 | HP: 2/165 [vampire knight/battleaxe (3)]
 16466 | Depths:1 | Mangled by a vampire knight

Skill      XL: |  1  2  3  4  5  6  7  8  9 10 11 12 13 |
---------------+----------------------------------------+-----
Fighting       | 4 5 6 7 8 11 13 | 13.9
Shields        | 4 5 6 7 8 10 12 | 12.3
Armour         | 4 6 7 8 10 11 13 14 | 14.0
Axes           | 3 4 5 7 8 10 12 13 14 | 14.9
Dodging        | 1 2 |  2.0
Evocations     | 1 4 5 |  5.8
Stealth        | |  0.9

Action                   |  1- 3 |  4- 6 |  7- 9 | 10-12 | 13-15 || total
-------------------------+-------+-------+-------+-------+-------++-------
Melee: War axe           |    65 |       |       |       |       ||    65
       Headbutt          |     6 |    27 |    46 |   193 |    72 ||   344
       Hand axe          |    13 |   144 |   211 |   895 |    84 ||  1347
       Broad axe         |       |       |       |       |   138 ||   138
Invok: Berserk           |       |       |       |    10 |     6 ||    16
       Trog's Hand       |       |       |       |     1 |       ||     1
       Burn Spellbooks   |       |       |       |       |     1 ||     1
  Use: Scroll            |     3 |     2 |     7 |    12 |     3 ||    27
       Potion            |       |     2 |     5 |    12 |     1 ||    20
  Eat: Chunk             |       |    21 |    12 |    51 |     8 ||    92
       Ration            |       |       |       |     1 |     1 ||     2
Armor: Scale mail        |    51 |    53 |       |       |       ||   104
       Chain mail        |       |       |    67 |    36 |       ||   103
       Plate armour      |       |       |       |   324 |    89 ||   413
       Skin              |       |       |       |    55 |       ||    55
Dodge: Dodged            |    32 |    29 |    37 |   150 |    38 ||   286
Block: Shield            |    54 |    75 |   119 |   471 |   109 ||   828
